TOP OF THE 1ST |
San Diego Padres batting - Pitching for San Francisco Giants : RHP Jordan Yamamoto
|
Pitching: RHP Jordan Yamamoto
|
|
Batting: SHB Victor Caratini
|
0-0: SINGLE (Line Drive, 34D, EV 98.1 MPH)
|
Batting: SHB Carlos Santana
|
0-0: Ball 1-0: Bunt - Flyout to 23! F3
|
Batting: LHB Max Kepler
|
0-0: Ball 1-0: Foul Ball, location: 2F 1-1: Foul Ball, location: 2F 1-2: Ball 2-2: Foul Ball, location: 2F 2-2: Ball 3-2: Foul Ball, location: 2F 3-2: Base on Balls Victor Caratini to second
|
Batting: RHB Amed Rosario
|
0-0: Ball 1-0: SINGLE (Line Drive, 9S, EV 91.3 MPH) Victor Caratini to third Max Kepler to second Runner from 3rd tries for Home, SAFE, throw by RF to home
|
Batting: RHB Justin Upton
|
0-0: Called Strike 0-1: Called Strike 0-2: Strikes out swinging
|
Batting: RHB Lorenzo Cain
|
0-0: Foul Ball, location: 2F 0-1: Fielders Choice at 2nd, 5-4 (Groundball, 56, EV 85.6 MPH)
|
Top of the 1st over - 1 run, 2 hits, 0 errors, 2 left on base; San Diego 1 - San Francisco 0 |
BOTTOM OF THE 1ST |
San Francisco Giants batting - Pitching for San Diego Padres : LHP Hyun-jin Ryu
|
Pitching: LHP Hyun-jin Ryu
|
|
Batting: LHB Cavan Biggio
|
0-0: Ground out 1-3 (Groundball, 34S, EV 75.6 MPH)
|
Batting: LHB Travis Jankowski
|
0-0: Ball 1-0: SINGLE (Groundball, 4MD, EV 105.6 MPH)
|
Batting: RHB Austin Slater
|
0-0: Ball 1-0: Ball 2-0: Foul Ball, location: 2F 2-1: Called Strike 2-2: Foul Ball, location: 2F 2-2: Ball 3-2: Grounds into double play, 5-4-3 (Groundball, 56, EV 85.6 MPH)
|
Bottom of the 1st over - 0 runs, 1 hit, 0 errors, 0 left on base; San Diego 1 - San Francisco 0 |
TOP OF THE 2ND |
San Diego Padres batting - Pitching for San Francisco Giants : RHP Jordan Yamamoto
|
Batting: RHB Wyatt Mathisen
|
0-0: Foul Ball, location: 2F 0-1: SINGLE (Groundball, 4MD, EV 100.0 MPH)
|
Batting: RHB Christian Arroyo
|
0-0: Called Strike 0-1: Grounds into double play, 4-6-3 (Groundball, 4, EV 80.0 MPH)
|
Batting: RHB Hyun-jin Ryu
|
0-0: Ground out 1-3 (Groundball, 13S, EV 75.6 MPH)
|
Top of the 2nd over - 0 runs, 1 hit, 0 errors, 0 left on base; San Diego 1 - San Francisco 0 |
BOTTOM OF THE 2ND |
San Francisco Giants batting - Pitching for San Diego Padres : LHP Hyun-jin Ryu
|
Batting: RHB Welington Castillo
|
0-0: Fly out, F7 (Flyball, 7LD, EV 89.4 MPH)
|
Batting: LHB Billy McKinney
|
0-0: Ball 1-0: Ball 2-0: Called Strike 2-1: Ball 3-1: Base on Balls
|
Batting: RHB David Bote
|
0-0: Foul Ball, location: 2F 0-1: Foul Ball, location: 2F 0-2: Ball 1-2: Ball 2-2: DOUBLE (Line Drive, 7LS, EV 93.1 MPH) Billy McKinney to third
|
Batting: RHB Dylan Moore
|
0-0: Ball 1-0: Foul Ball, location: 2F 1-1: Fly out, F2 (Popup, 23F, EV 83.1 MPH)
|
Batting: LHB Ryan Schimpf
|
0-0: Ball 1-0: Called Strike 1-1: Called Strike 1-2: Fly out, F7 (Flyball, 8LM, EV 91.3 MPH)
|
Bottom of the 2nd over - 0 runs, 1 hit, 0 errors, 2 left on base; San Diego 1 - San Francisco 0 |
TOP OF THE 3RD |
San Diego Padres batting - Pitching for San Francisco Giants : RHP Jordan Yamamoto
|
Batting: SHB Victor Caratini
|
0-0: Ball 1-0: Called Strike 1-1: Swinging Strike 1-2: Ground out 4-3 (Groundball, 4, EV 83.1 MPH)
|
Batting: SHB Carlos Santana
|
0-0: Ball 1-0: Foul Ball, location: 2F 1-1: Ball 2-1: Ball 3-1: Fly out, F8 (Flyball, 8RXD, EV 105.6 MPH)
|
Batting: LHB Max Kepler
|
0-0: Foul Ball, location: 2F 0-1: Ball 1-1: Ball 2-1: Ball 3-1: Base on Balls
|
Batting: RHB Amed Rosario
|
0-0: SINGLE (Flyball, 89S, EV 96.3 MPH) Max Kepler to second
|
Batting: RHB Justin Upton
|
0-0: Ball 1-0: Called Strike 1-1: Foul Ball, location: 2F 1-2: Foul Ball, location: 2F 1-2: Ball 2-2: 3-RUN HOME RUN (Flyball, 7D, EV 93.1 MPH), Distance : 382 ft
|
Batting: RHB Lorenzo Cain
|
0-0: Foul Ball, location: 2F 0-1: Swinging Strike 0-2: Strikes out swinging
|
Top of the 3rd over - 3 runs, 2 hits, 0 errors, 0 left on base; San Diego 4 - San Francisco 0 |
BOTTOM OF THE 3RD |
San Francisco Giants batting - Pitching for San Diego Padres : LHP Hyun-jin Ryu
|
Batting: RHB Jordan Yamamoto
|
0-0: Fly out, F7 (Flyball, 78M, EV 90.0 MPH)
|
Batting: LHB Cavan Biggio
|
0-0: Swinging Strike 0-1: Ball 1-1: Ball 2-1: Ball 3-1: SINGLE (Line Drive, 7S, EV 88.1 MPH)
|
Batting: LHB Travis Jankowski
|
0-0: Called Strike 0-1: Called Strike 0-2: Foul Ball, location: 2F 0-2: Ball 1-2: Ball 2-2: Foul Ball, location: 2F 2-2: Ground out 5-3 (Groundball, 56S, EV 68.1 MPH) Cavan Biggio to second
|
Batting: RHB Austin Slater
|
0-0: Ball 1-0: Called Strike Balk! Cavan Biggio to third 1-1: Foul Ball, location: 2F 1-2: Ground out 6-3 (Groundball, 6, EV 82.5 MPH)
|
Bottom of the 3rd over - 0 runs, 1 hit, 0 errors, 1 left on base; San Diego 4 - San Francisco 0 |
TOP OF THE 4TH |
San Diego Padres batting - Pitching for San Francisco Giants : RHP Jordan Yamamoto
|
Batting: RHB Wyatt Mathisen
|
0-0: Fly out, F3 (Popup, 3SF, EV 83.8 MPH)
|
Batting: RHB Christian Arroyo
|
0-0: Ball 1-0: Swinging Strike 1-1: Ball 2-1: Called Strike 2-2: Strikes out swinging
|
Batting: RHB Hyun-jin Ryu
|
0-0: Ball 1-0: Swinging Strike 1-1: Foul Ball, location: 2F 1-2: Ball 2-2: Ball 3-2: Strikes out swinging
|
Top of the 4th over - 0 runs, 0 hits, 0 errors, 0 left on base; San Diego 4 - San Francisco 0 |
BOTTOM OF THE 4TH |
San Francisco Giants batting - Pitching for San Diego Padres : LHP Hyun-jin Ryu
|
Batting: RHB Welington Castillo
|
0-0: Called Strike 0-1: Called Strike 0-2: Ball 1-2: Foul Ball, location: 2F 1-2: Foul Ball, location: 2F 1-2: Fly out, F7 (Flyball, 7, EV 81.9 MPH)
|
Batting: LHB Billy McKinney
|
0-0: Foul Ball, location: 2F 0-1: Called Strike 0-2: Ball 1-2: Strikes out swinging
|
Batting: RHB David Bote
|
0-0: Ball 1-0: Ball 2-0: Ball 3-0: Called Strike 3-1: Fly out, F7 (Flyball, 7, EV 77.5 MPH)
|
Bottom of the 4th over - 0 runs, 0 hits, 0 errors, 0 left on base; San Diego 4 - San Francisco 0 |
TOP OF THE 5TH |
San Diego Padres batting - Pitching for San Francisco Giants : RHP Jordan Yamamoto
|
Batting: SHB Victor Caratini
|
0-0: Called Strike 0-1: Ground out 3-1 (Groundball, 34, EV 100.6 MPH)
|
Batting: SHB Carlos Santana
|
0-0: Ball 1-0: Ball 2-0: Ground out 4-3 (Groundball, 4, EV 79.4 MPH)
|
Batting: LHB Max Kepler
|
0-0: Foul Ball, location: 2F 0-1: SINGLE (Groundball, 4MD, EV 98.1 MPH)
|
Batting: RHB Amed Rosario
|
0-0: Fly out, F9 (Line Drive, 9, EV 93.8 MPH)
|
Top of the 5th over - 0 runs, 1 hit, 0 errors, 1 left on base; San Diego 4 - San Francisco 0 |
BOTTOM OF THE 5TH |
San Francisco Giants batting - Pitching for San Diego Padres : LHP Hyun-jin Ryu
|
Batting: RHB Dylan Moore
|
0-0: Ball 1-0: Foul Ball, location: 2F 1-1: DOUBLE (Line Drive, 7LD, EV 108.8 MPH)
|
Batting: LHB Ryan Schimpf
|
0-0: Ball 1-0: Ground out 4-3 (Groundball, 4, EV 90.0 MPH) Dylan Moore to third
|
Batting: RHB Jordan Yamamoto
|
0-0: Ball 1-0: Called Strike 1-1: Foul Ball, location: 2F 1-2: Ball 2-2: Fly out, F9 (Line Drive, 9, EV 103.1 MPH) Runner from 3rd tags up, SCORES, throw by RF
|
Batting: LHB Cavan Biggio
|
0-0: Ball 1-0: Ball 2-0: Called Strike 2-1: Foul Ball, location: 2F 2-2: Foul Ball, location: 2F 2-2: Foul Ball, location: 2F 2-2: Ball 3-2: Base on Balls
|
Batting: LHB Travis Jankowski
|
0-0: Called Strike Cavan Biggio steals 2nd base 0-1: Ball 1-1: Foul Ball, location: 2F 1-2: Fly out, F8 (Flyball, 8LM, EV 83.1 MPH)
|
Bottom of the 5th over - 1 run, 1 hit, 0 errors, 1 left on base; San Diego 4 - San Francisco 1 |
TOP OF THE 6TH |
San Diego Padres batting - Pitching for San Francisco Giants : RHP Jordan Yamamoto
|
Batting: RHB Justin Upton
|
0-0: Foul Ball, location: 2F 0-1: Ball 1-1: Foul Ball, location: 2F 1-2: Strikes out looking
|
Batting: RHB Lorenzo Cain
|
0-0: Ball 1-0: Foul Ball, location: 2F 1-1: Foul Ball, location: 2F 1-2: Ball 2-2: DOUBLE (Flyball, 8RXD, EV 111.9 MPH)
|
Batting: RHB Wyatt Mathisen
|
0-0: SINGLE (Line Drive, 34D, EV 105.0 MPH) Lorenzo Cain to third
|
Batting: RHB Christian Arroyo
|
0-0: Called Strike 0-1: Ball 1-1: Swinging Strike 1-2: Ball 2-2: Strikes out swinging
|
Pinch Hitting: SHB Johan Camargo
|
0-0: Ball 1-0: Called Strike 1-1: Ball 2-1: Ball 3-1: Fly out, F8 (Line Drive, 8RM, EV 90.6 MPH)
|
Top of the 6th over - 0 runs, 2 hits, 0 errors, 2 left on base; San Diego 4 - San Francisco 1 |
BOTTOM OF THE 6TH |
San Francisco Giants batting - Pitching for San Diego Padres : LHP Hyun-jin Ryu
|
Pitching: RHP Jose Leclerc
|
|
Batting: RHB Austin Slater
|
0-0: Foul Ball, location: 2F 0-1: Swinging Strike 0-2: Strikes out swinging
|
Batting: RHB Welington Castillo
|
0-0: Called Strike 0-1: Called Strike 0-2: Strikes out swinging
|
Batting: LHB Billy McKinney
|
0-0: Called Strike 0-1: Swinging Strike 0-2: Strikes out swinging
|
Bottom of the 6th over - 0 runs, 0 hits, 0 errors, 0 left on base; San Diego 4 - San Francisco 1 |
TOP OF THE 7TH |
San Diego Padres batting - Pitching for San Francisco Giants : RHP Jordan Yamamoto
|
Pitching: RHP Frank Rubio
|
|
Batting: SHB Victor Caratini
|
0-0: Called Strike 0-1: Foul Ball, location: 2F 0-2: Ball 1-2: Strikes out swinging
|
Batting: SHB Carlos Santana
|
0-0: Foul Ball, location: 2F 0-1: Ground out 5-3 (Groundball, 15, EV 87.5 MPH)
|
Batting: LHB Max Kepler
|
0-0: Ball 1-0: Ball 2-0: Ball 3-0: Base on Balls
|
Batting: RHB Amed Rosario
|
0-0: Swinging Strike Balk! Max Kepler to second 0-1: Ball 1-1: Foul Ball, location: 2F 1-2: Ball 2-2: Strikes out swinging
|
Top of the 7th over - 0 runs, 0 hits, 0 errors, 1 left on base; San Diego 4 - San Francisco 1 |
BOTTOM OF THE 7TH |
San Francisco Giants batting - Pitching for San Diego Padres : RHP Jose Leclerc
|
Batting: RHB David Bote
|
0-0: Swinging Strike 0-1: Ball 1-1: Called Strike 1-2: Strikes out swinging, 2-3 out at first.
|
Batting: RHB Dylan Moore
|
0-0: Ball 1-0: Ball 2-0: Foul Ball, location: 2F 2-1: Foul Ball, location: 2F 2-2: Ball 3-2: Base on Balls
|
Batting: LHB Ryan Schimpf
|
0-0: Ball 1-0: Foul Ball, location: 2F 1-1: Called Strike 1-2: Strikes out swinging
|
Pinch Hitting: LHB Daniel Palka
|
0-0: Ball 1-0: Fly out, F9 (Flyball, 9, EV 91.9 MPH)
|
Bottom of the 7th over - 0 runs, 0 hits, 0 errors, 1 left on base; San Diego 4 - San Francisco 1 |
TOP OF THE 8TH |
San Diego Padres batting - Pitching for San Francisco Giants : RHP Frank Rubio
|
Pitching: RHP Deolis Guerra
|
|
Batting: RHB Justin Upton
|
0-0: Ball 1-0: Called Strike 1-1: DOUBLE (Flyball, 8LXD, EV 86.9 MPH)
|
Batting: RHB Lorenzo Cain
|
0-0: Intentional Walk
|
Batting: RHB Wyatt Mathisen
|
0-0: Called Strike 0-1: Foul Ball, location: 2F 0-2: Foul Ball, location: 2F 0-2: Ball 1-2: Strikes out swinging
|
Batting: RHB Christian Arroyo
|
0-0: Fielders Choice at 2nd, 4-6 (Groundball, 4MD, EV 81.3 MPH) Justin Upton to third
|
Pinch Hitting: RHB Jose Altuve
|
0-0: Ball 1-0: Ball 2-0: Called Strike 2-1: Swinging Strike 2-2: Fly out, F9 (Flyball, 89XD, EV 96.3 MPH)
|
Top of the 8th over - 0 runs, 1 hit, 0 errors, 2 left on base; San Diego 4 - San Francisco 1 |
BOTTOM OF THE 8TH |
San Francisco Giants batting - Pitching for San Diego Padres : RHP Jose Leclerc
|
Pitching: LHP A.J. Minter
|
|
Batting: LHB Cavan Biggio
|
0-0: Ball 1-0: Called Strike 1-1: Called Strike 1-2: Foul Ball, location: 2F 1-2: Strikes out swinging
|
Batting: LHB Travis Jankowski
|
0-0: Ball 1-0: Ball 2-0: Called Strike 2-1: Foul Ball, location: 2F 2-2: SINGLE (Groundball, 5D, EV 103.1 MPH)
|
Batting: RHB Austin Slater
|
0-0: Called Strike 0-1: Foul Ball, location: 2F 0-2: Ball 1-2: Ball 2-2: Ball Wild Pitch! Travis Jankowski to second 3-2: Strikes out swinging
|
Batting: RHB Welington Castillo
|
0-0: DOUBLE (Groundball, 5L, EV 104.4 MPH) Travis Jankowski scores
|
Batting: LHB Billy McKinney
|
0-0: Ball 1-0: Swinging Strike 1-1: Swinging Strike 1-2: Ball 2-2: Strikes out swinging
|
Bottom of the 8th over - 1 run, 2 hits, 0 errors, 1 left on base; San Diego 4 - San Francisco 2 |
TOP OF THE 9TH |
San Diego Padres batting - Pitching for San Francisco Giants : RHP Deolis Guerra
|
Batting: SHB Victor Caratini
|
0-0: Called Strike 0-1: Ball 1-1: Ball 2-1: Ball 3-1: Called Strike 3-2: Ground out 3-1 (Groundball, 34S, EV 80.6 MPH)
|
Batting: SHB Carlos Santana
|
0-0: Ball 1-0: Foul Ball, location: 2F 1-1: Foul Ball, location: 2F 1-2: Ball 2-2: Ball 3-2: Base on Balls
|
Batting: LHB Max Kepler
|
0-0: Ball 1-0: Foul Ball, location: 2F 1-1: Ball 2-1: Ball 3-1: Foul Ball, location: 2F 3-2: Foul Ball, location: 2F 3-2: Base on Balls Carlos Santana to second
|
Batting: RHB Amed Rosario
|
0-0: Swinging Strike 0-1: Swinging Strike 0-2: Ball 1-2: Strikes out swinging
|
Batting: RHB Justin Upton
|
0-0: Foul Ball, location: 2F 0-1: Ball 1-1: Swinging Strike 1-2: Ball 2-2: DOUBLE (Flyball, 9LD, EV 104.4 MPH) Carlos Santana scores Max Kepler to third Runner from 3rd tries for Home, SAFE, no throw by RF
|
Batting: RHB Lorenzo Cain
|
0-0: Intentional Walk
|
Batting: RHB Wyatt Mathisen
|
0-0: Foul Ball, location: 2F 0-1: Swinging Strike 0-2: Strikes out swinging
|
Top of the 9th over - 2 runs, 1 hit, 0 errors, 2 left on base; San Diego 6 - San Francisco 2 |
BOTTOM OF THE 9TH |
San Francisco Giants batting - Pitching for San Diego Padres : LHP A.J. Minter
|
Pitching: RHP Wander Suero
|
|
Batting: RHB David Bote
|
0-0: Ball 1-0: Ground out 5-3 (Groundball, 56, EV 103.1 MPH)
|
Batting: RHB Dylan Moore
|
0-0: Ball 1-0: Ball 2-0: Ball 3-0: Called Strike 3-1: Base on Balls
|
Batting: LHB Ryan Schimpf
|
0-0: Called Strike 0-1: Called Strike 0-2: Ball 1-2: Strikes out looking
|
Pinch Hitting: LHB Rougned Odor
|
0-0: Ball 1-0: Called Strike 1-1: Ball 2-1: Fly out, F8 (Flyball, 8LS, EV 80.6 MPH)
|
Bottom of the 9th over - 0 runs, 0 hits, 0 errors, 1 left on base; San Diego 6 - San Francisco 2 |
|